 Dungeon Crawl Stone Soup version 0.26-a0-962-g9b92081034 (webtiles) character file.

Game seed: 5416181060590134263

114 Dracia the Shield-Bearer (level 4, -2/35 HPs)
             Began as a Demonspawn Fighter on Dec 2, 2020.
             Slain by an orc priest
             ... wielding a +0 short sword
              (4 damage)
             ... on level 3 of the Dungeon.
             The game lasted 00:03:23 (2610 turns).

Dracia the Shield-Bearer (Demonspawn Fighter)       Turns: 2610, Time: 00:03:23

Health: -2/35      AC:  6    Str: 17    XL:     4   Next: 66%
Magic:  4/4        EV:  7    Int: 10    God:
Gold:   147        SH:  9    Dex: 12    Spells: 3/3 levels left

rFire    x . .     SeeInvis .     - Unarmed
rCold    + . .     Faith    .   c - +0 kite shield
rNeg     . . .     Spirit   .   b - +0 scale mail
rPois    .         Reflect  .   (no helmet)
rElec    .         Harm     .   n - scarf {+Inv}
rCorr    .         Rampage  .   (no gloves)
MR       +....                  (no boots)
Stlth    ..........             (no amulet)
HPRegen  0.11/turn              q - ring of ice
MPRegen  0.09/turn              m - ring of protection from magic

@: no status effects
A: claws 1, demonic guardian 1
a: Evoke Invisibility


You were on level 3 of the Dungeon.
You visited 1 branch of the dungeon, and saw 3 of its levels.

You collected 147 gold pieces.


Innate Abilities, Weirdness & Mutations

You have sharp fingernails.
A weak demonic guardian rushes to your aid.


   Skills:
 - Level 3.0 Fighting
 - Level 2.2 Polearms
 + Level 3.5 Armour
 + Level 3.5 Shields
 + Level 1.8 Unarmed Combat


You had 3 spell levels left.
You didn't know any spells.
Your spell library was empty.

Inventory:

Hand Weapons
 a - a +0 trident
Missiles
 h - 2 atropa-tipped darts (quivered)
 k - 23 poisoned darts
Armour
 b - a +0 scale mail (worn)
 c - a +0 kite shield (worn)
 n - a scarf of invisibility (worn)
Jewellery
 l - an uncursed ring of fire
 m - a ring of protection from magic (right claw)
 q - a ring of ice (left claw)
 s - an uncursed amulet of magic regeneration
Scrolls
 e - a scroll of amnesia {unknown}
 f - 4 scrolls of teleportation {unknown}
 g - 2 scrolls of identify {unknown}
 j - 2 scrolls of remove curse {unknown}
 p - a scroll of random uselessness {unknown}
 r - a scroll of enchant weapon {unknown}
Potions
 d - a potion of might
 i - a potion of heal wounds {unknown}
 o - a potion of curing {unknown}

Dungeon Overview and Level Annotations

Branches:
Dungeon (3/15)

Altars:
Elyvilon
Gozag
Yredelemnul

##### #...# #...# #...#
## #...#####
#...#######.......#
#....[o@5......##.#####
...#.######.....#......##
...............†.
.........#......##
#.#####...........## .
#####.......## #.#+######
.... # ### #


You could see an orc priest and a friendly white imp (summoned).


Message History

Your shadow imp barely misses the orc priest.
The orc priest misses your shadow imp.
You are too injured to fight recklessly!
Your shadow imp hits the orc priest.
The orc priest hits your shadow imp with a +0 short sword!
Your shadow imp dies!
You are too injured to fight recklessly!
You are too injured to fight recklessly!
You are too injured to fight recklessly!
The orc priest hits you but does no damage.
You barely miss the orc priest.
The orc priest is moderately wounded.
The orc priest barely misses you.
You scratch the orc priest but do no damage.
The orc priest is moderately wounded.
The orc priest barely misses you.
You closely miss the orc priest.
The orc priest is moderately wounded.
You block the orc priest's attack.
You scratch the orc priest.
The orc priest is heavily wounded.
You block the orc priest's attack.
You closely miss the orc priest.
The orc priest is heavily wounded.
You block the orc priest's attack.
You closely miss the orc priest.
The orc priest is heavily wounded.
The orc priest hits you but does no damage.
The orc priest hits you with a +0 short sword.
You die...

Skill      XL: |  1  2  3 |
---------------+----------+-----
Polearms       | 2 |  2.2
Armour         | 3 |  3.5
Shields        | 3 |  3.5
Unarmed Combat | 1 |  1.8
Fighting       | |  3.0

Action                   |  1- 3 |  4- 6 || total
-------------------------+-------+-------++-------
Melee: Trident           |    25 |       ||    25
       Unarmed           |   182 |    52 ||   234
Armor: Scale mail        |    67 |    12 ||    79
Dodge: Dodged            |    48 |    10 ||    58
Block: Kite shield       |    84 |    18 ||   102

Levels and vault maps discovered:
D:1:      scummos_arrival_simple_crosswalls, layout_basic,
          minmay_misc_feat_nine_boxes, minmay_pentomino_o4
D:2:      layout_loops_ring, minmay_overflow_temple_star_quad
D:3:      layout_basic, uniq_jessica, uniq_grinder, uniq_ijyb

Notes
Turn   | Place    | Note
-------+----------+-------------------------------------------
     0 | D:1      | Dracia the Demonspawn Fighter began the quest for the Orb.
     0 | D:1      | Reached XP level 1. HP: 18/18 MP: 1/1
    84 | D:1      | Reached skill level 2 in Polearms
   181 | D:1      | Gained mutation: You have sharp fingernails. [demonic
                  | ancestry]
   181 | D:1      | Reached XP level 2. HP: 24/24 MP: 2/2
   595 | D:1      | Reached skill level 3 in Armour
   644 | D:1      | Reached skill level 3 in Shields
   899 | D:2      | Gained mutation: A weak demonic guardian rushes to your
                  | aid. [demonic ancestry]
   899 | D:2      | Reached XP level 3. HP: 25/29 MP: 3/3
  1030 | D:2      | Reached skill level 1 in Unarmed Combat
  1288 | D:2      | Found a basalt altar of Yredelemnul.
  1403 | D:2      | Found a white marble altar of Elyvilon.
  1413 | D:2      | Found an opulent altar of Gozag.
  1937 | D:2      | Reached XP level 4. HP: 22/35 MP: 4/4
  2595 | D:3      | HP: 1/35 [orc priest/divine providence (14)]
  2610 | D:3      | Slain by an orc priest

Vanquished Creatures
  2 adders
  4 worms
  2 dart slugs
  3 leopard geckos
  A ball python (D:1)
  2 bats
  4 giant cockroaches
  8 hobgoblins
  3 jackals (D:2)
  5 kobolds
  9 frilled lizards
  5 goblins
  6 rats
54 creatures vanquished.

Vanquished Creatures (collateral kills)
  An orc priest (D:3)
  An orc (D:3)
2 creatures vanquished.

Grand Total: 56 creatures vanquished

Table legend: (Time is in decaauts)
 A = Elapsed time spent in this place.
 B = Non-inter-level travel time spent in this place.
 C = Inter-level travel time spent in this place.
 D = Time resting spent in this place.
 E = Time spent auto-exploring this place.
 F = Levels seen in this place.
 G = Mean time per level.
                   A        B        C        D        E       F      G
               +--------+--------+--------+--------+--------+-----+--------+
         Total |   2629 |   2584 |     45 |      0 |   2142 |   3 |  876.3 |
       Dungeon |   2629 |   2584 |     45 |      0 |   2142 |   3 |  876.3 |
               +--------+--------+--------+--------+--------+-----+--------+

Top non-repeatable levels by time:
     D:2: 1357 daAuts
     D:1: 880 daAuts
     D:3: 391 daAuts

Table legend:
 A = Non-vault XP
 B = Vault XP
 C = Vault XP percentage of total XP
 D = Non-vault monster count
 E = Vault monster count
 F = Vault count percentage of total count
                 A         B        C        D         E       F
            +---------+---------+-------+---------+---------+-------
      Total |     160 |       3 |   1.8 |      54 |       2 |   3.6
            +---------+---------+-------+---------+---------+-------
        D:1 |      29 |       3 |   9.4 |      17 |       2 |  10.5
        D:2 |      73 |       0 |   0.0 |      28 |       0 |   0.0
        D:3 |      58 |       0 |   0.0 |       9 |       0 |   0.0
            +---------+---------+-------+---------+---------+-------
